 Dungeon Crawl Stone Soup version 0.30-a0-46-g5a63ccc183 (webtiles) character file.

Game seed: 3108828615929518493

14856 ytrimaz the Blocker (level 12, 0/103 HPs)
             Began as a Formicid Fighter on Sept 2, 2022.
             Was the Champion of Okawaru.
             Slain by an eight-headed hydra (7 damage)
             ... on level 12 of the Dungeon.
             The game lasted 00:14:12 (8683 turns).

ytrimaz the Blocker (Formicid Fighter)              Turns: 8683, Time: 00:14:12

Health: 0/103      AC: 14    Str: 25    XL:     12   Next: 50%
Magic:  21/21      EV: 11    Int:  9    God:    Okawaru [******]
Gold:   578        SH:  0    Dex: 13    Spells: 11/11 levels left

rFire   . . .      SeeInvis +    E - +7 giant spiked club (spect) {mace}
rCold   . . .      Faith    .    (shield currently unavailable)
rNeg    . . .      Spirit   .    F - +0 steam dragon scales
rPois   .          Reflect  .    (helmet unavailable)
rElec   .          Harm     .    e - +1 cloak
rCorr   .          Rampage  .    s - +1 pair of gloves {hurl}
Will    +....                    (no boots)
Stlth   +.........               g - amulet of regeneration {@e2}
HPRegen 1.07/turn                h - +4 ring of protection
MPRegen 0.17/turn                J - ring of magical power

@: no status effects
A: permanent stasis, dig shafts and tunnels, antennae 3, four strong arms
a: Dig, Shaft Self, Renounce Religion, Heroism, Finesse, Duel


You were on level 12 of the Dungeon.
You worshipped Okawaru.
Okawaru was exalted by your worship.
You visited 2 branches of the dungeon, and saw 13 of its levels.

You collected 739 gold pieces.
You spent 161 gold pieces at shops.


Innate Abilities, Weirdness & Mutations

You cannot be hasted, slowed, berserked, paralysed or teleported.
You can dig through walls and to a lower floor.
You have a pair of large antennae on your head. (SInv)
Your four strong arms can wield two-handed weapons with a shield.


   Skills:
 + Level 12.5 Fighting
 - Level 6.0 Long Blades
 - Level 2.0(7.3) Axes
 + Level 11.0(11.1) Maces & Flails
 - Level 3.2 Armour
 - Level 13.6 Shields


You had 11 spell levels left.
You didn't know any spells.
Your spell library contained the following spells:

 Spells                   Type           Power      Damage    Failure   Level
 Shock                    Conj/Air       0%         1d3       38%         1
 Ensorcelled Hibernation  Hex/Ice        0%         N/A       52%         2
 Sublimation of Blood     Necr           0%         N/A       52%         2
 Wereblood                Tmut           0%         N/A       52%         2
 Spider Form              Tmut/Pois      0%         N/A       77%         3
 Stone Arrow              Conj/Erth      0%         3d7       77%         3
 Airstrike                Air            0%         2d(0-16)  99%         4
 Anguish                  Hex/Necr       0%         N/A       99%         4
 Fulminant Prism          Conj/Hex       0%         3d6       99%         4
 Iskenderun's Mystic Bla  Conj/Tloc      0%         2d3       99%         4
 Borgnjor's Vile Clutch   Necr/Erth      0%         N/A       100%        5
 Lee's Rapid Deconstruct  Erth           0%         3d5*      100%        5
 Lehudib's Crystal Spear  Conj/Erth      0%         10d2      100%        8
 Swiftness                Air            Unusable   N/A       N/A         3
 Animate Armour           Summ/Erth      Unusable   N/A       N/A         4
 Animate Dead             Necr           Unusable   N/A       N/A         4
 Death Channel            Necr           Unusable   N/A       N/A         6
 Summon Hydra             Summ           Unusable   N/A       N/A         7

Inventory:

Hand Weapons
 a - a +1 war axe of venom {axe}
 d - the +11 long sword "Lyvay" {holy, rElec Will+, long}
   (You bought it in a shop on level 1 of the Dungeon)

   It has been blessed by the Shining One to cause great damage to the undead
   and demons.
   rElec:     It insulates you from electricity.
   Will:      It increases your willpower.
 E - a +7 spectral giant spiked club (weapon) {mace}
   (You acquired it on level 7 of the Dungeon)
 I - a +3 morningstar of holy wrath {mace}
   (Okawaru gifted it to you on level 11 of the Dungeon)
 L - a +1 great mace of draining {mace}
   (You found it on level 8 of the Dungeon)
Missiles
 k - 98 stones {throwing}
 m - 35 poisoned darts {throwing}
 w - 7 boomerangs {throwing}
 D - a throwing net {=f!fthrowing}
 K - 3 curare-tipped darts {=fthrowing}
 Q - 2 javelins {throwing}
Armour
 b - a +0 scale mail
 e - a +1 cloak (worn)
   (You found it on level 1 of the Dungeon)
 l - a +0 buckler
   (You found it on level 10 of the Dungeon)
 s - a +1 pair of gloves of hurling (worn)
   (You found it on level 9 of the Dungeon)
 F - +0 steam dragon scales (worn)
   (You found it on level 8 of the Dungeon)
Magical Staves
 c - a staff of conjuration {!a@e2staff}
   (You found it on level 10 of the Dungeon)
Jewellery
 g - an amulet of regeneration (around neck) {@e2}
   (You found it on level 1 of the Dungeon)
 h - a +4 ring of protection (left hand)
   (You found it on level 1 of the Dungeon)
 o - a ring of wizardry
   (You found it on level 2 of the Dungeon)
 y - a ring of wizardry
   (You found it on level 5 of the Dungeon)
 J - a ring of magical power (right hand)
   (You found it on level 8 of the Dungeon)
Wands
 r - a wand of roots (20)
   (You found it on level 6 of the Dungeon)
 x - a wand of charming (1)
   (You took it off Maurice on level 11 of the Dungeon)
 C - a wand of flame (20)
   (You took it off Maggie on level 7 of the Dungeon)
 G - a wand of mindburst (19)
   (You found it on level 7 of the Dungeon)
 O - a wand of digging (7)
   (You found it on level 11 of the Dungeon)
Scrolls
 i - a scroll of fear
 n - a scroll of magic mapping {!r}
 t - 5 scrolls of amnesia
 A - 2 scrolls of poison {!r}
 P - a scroll of identify {@r1}
Potions
 f - a potion of lignification {!q}
 j - a potion of cancellation {unknown}
 p - 3 potions of invisibility
 q - a potion of heal wounds {@q2}
 u - 2 potions of ambrosia {unknown}
 v - 3 potions of brilliance {unknown}
 z - 3 potions of mutation {unknown}
 B - 5 potions of curing {@q1}
 H - a potion of flight {unknown}
 M - a potion of resistance {unknown}
 N - a potion of attraction {unknown}

Dungeon Overview and Level Annotations

Branches:
Dungeon (12/15) Zot: 26865  Temple (1/1) D:5 Zot: 5633    Lair (0/5) D:9
    Orc (0/2) D:11

Altars:
Ashenzari
Cheibriados
Dithmenos
Elyvilon
Fedhas
Gozag
Hepliaklqana
Kikubaaqudgha
Makhleb
Nemelex Xobeh
Okawaru
Qazlal
Ru
Sif Muna
Trog
Uskayaw
Vehumet
Wu Jian
Xom
Yredelemnul
Zin
The Shining One

Shops:
D:1 *   D:3 *   D:5 *

Annotations:
D:5 1 runed translucent door, Crazy Yiuf

+#####..####†#### {
#..##[#†.#.# {{
##.##.##†..# {
{###.##.#..#.# {
{#....#.††##.# {
{#.#.##.#..#.# {
#+###.#.#####'####
............#.##.#
................@#
.............###D#
................T#
##)..........###........
#.##..###... ..#######
#.#...<..... ....
#..........^.....
##........##.###..#
............. ....


You could see an eight-headed hydra and a troll.


Message History

The frilled lizard bites your +7 spectral giant spiked club {mace} but does no damage.
Unknown command. 😕 HP[+1]
You barely miss the basilisk.
Your +7 spectral giant spiked club {mace} hits the basilisk!!
You kill the basilisk!
Okawaru accepts your kill.
The frilled lizard closely misses your +7 spectral giant spiked club {mace}. 😕 HP[+2]
You regained 2 hp, and now have 87/103 hp.
Unknown command.
You swap places.
You see here a pink potion. 😕 HP[+1] Unknown command.
You puncture the frilled lizard!
You kill the frilled lizard!
A frilled lizard comes into view. 😕 HP[+1] Unknown command.
You miss the frilled lizard.
Your +7 spectral giant spiked club {mace} hits the frilled lizard!!
You kill the frilled lizard! 😕 HP[+1] No target in view!
Unknown command.
You see here a frilled lizard corpse. 😕 HP[+1]
z - 3 pink potions (gained 1)
You now have 555 gold pieces (gained 19).
Key pressed, stopping explore.
Unknown command. 😎 HP[+12]
Your hp is fully restored (103).
You see here a frilled lizard corpse.
You see here a frilled lizard corpse.
You now have 564 gold pieces (gained 9).
You see here a +0 leather armour.
You see here a frilled lizard corpse.
You see here an alligator corpse.
You now have 578 gold pieces (gained 14).
k - 98 stones {throwing} (gained 5)
You see here a frilled lizard corpse.
Key pressed, stopping explore.
You open the door.
There is an open door here.
You sense a monster nearby.
A troll comes into view.
A troll is nearby!
A troll is nearby!
The troll shouts!
An eight-headed hydra comes into view.
The eight-headed hydra roars!
The eight-headed hydra bites you!
The eight-headed hydra barely misses you. x2
The eight-headed hydra bites you. x2; The eight-headed hydra bites you!
The eight-headed hydra closely misses you.
The eight-headed hydra bites you but does no damage. 😮 HP[-26]
You take 26 damage, and now have 77/103 hp.
MASSIVE DAMAGE!! (PAUSE) 😕 HP[+1]
The eight-headed hydra bites you! The eight-headed hydra bites you. x2
The eight-headed hydra bites you but does no damage. x3
The eight-headed hydra bites you.
The eight-headed hydra closely misses you.
The troll bites you!
* * * LOW HITPOINT WARNING * * *
The troll claws you but does no damage. The troll claws you.
* * * LOW HITPOINT WARNING * * *
😨 HP[-34]
You take 34 damage, and now have 44/103 hp.
MASSIVE DAMAGE!! (PAUSE) 😨 HP[+1]
The eight-headed hydra attacks as you move away!
The eight-headed hydra bites you!
* * * LOW HITPOINT WARNING * * *
The eight-headed hydra misses you. The eight-headed hydra bites you.
* * * LOW HITPOINT WARNING * * *
The eight-headed hydra bites you.
* * * LOW HITPOINT WARNING * * *
The eight-headed hydra bites you but does no damage.
The eight-headed hydra bites you.
* * * LOW HITPOINT WARNING * * *
The eight-headed hydra bites you!
* * * LOW HITPOINT WARNING * * *
The eight-headed hydra barely misses you. 😱 HP[-29]
You take 29 damage, and now have 16/103 hp.
MASSIVE DAMAGE!! (PAUSE)
You feel much better. The eight-headed hydra bites you!
* * * LOW HITPOINT WARNING * * *
The eight-headed hydra bites you!
* * * LOW HITPOINT WARNING * * *
The eight-headed hydra bites you.
* * * LOW HITPOINT WARNING * * *
The eight-headed hydra bites you!
* * * LOW HITPOINT WARNING * * *
The eight-headed hydra bites you!
You die...

Skill      XL: |  1  2  3  4  5  6  7  8  9 10 11 12 |
---------------+-------------------------------------+-----
Shields        | 5 6 7 8 9 11 12 13 | 13.6
Long Blades    | 2 4 6 |  6.0
Maces & Flails | 3 7 9 11 | 11.0
Fighting       | 5 8 11 12 | 12.5
Axes           | |  2.0
Armour         | |  3.2

Action                   |  1- 3 |  4- 6 |  7- 9 | 10-12 || total
-------------------------+-------+-------+-------+-------++-------
Melee: War axe           |   102 |    86 |     2 |       ||   190
       Long sword        |       |       |   147 |       ||   147
       Giant spiked club |       |       |    33 |   204 ||   237
  Use: Scroll            |     3 |     5 |     6 |     8 ||    22
       Potion            |       |     2 |       |     3 ||     5
 Stab: Distracted        |       |       |       |     1 ||     1
Armor: Scale mail        |    88 |    54 |    86 |    49 ||   277
       Skin              |       |    14 |     2 |       ||    16
       Steam dragon scal |       |       |       |   138 ||   138
Dodge: Dodged            |    68 |    55 |    86 |   197 ||   406
Block: Buckler           |    44 |    38 |    51 |       ||   133

Levels and vault maps discovered:
D:1:      dpeg_arrival_long_road, layout_loops_ring, serial_shops,
          shop_fountains
D:2:      layout_basic
D:3:      layout_rooms, serial_shops, shop, kennysheep_minor_cross,
          chequers_serial_rivers_room_b, minmay_ogre_servants
D:4:      layout_basic
D:5:      layout_rooms, temple_green, serial_shops, shop,
          uniq_crazy_yiuf_cottage
D:6:      layout_basic, kennysheep_little_box
D:7:      layout_loops_ring, nemelex_dance_club_becter, uniq_joseph, uniq_maggie
D:8:      layout_rooms, uniq_psyche
D:9:      layout_long_grid, mainiacjoe_overflow_cross_hatched,
          david_lair_shrubbed
D:10:     layout_loops_ring, grunt_temple_overflow_gold_and_silver
D:11:     layout_small_grid, orc_0_dummy, kennysheep_path_1, amethyst_killhole,
          uniq_maurice, uniq_nergalle
D:12:     layout_basic, hellmonk_bongcloud_opening, drop_trap,
          hangedman_parallel_progression
Temple:   minmay_temple_bridge_d

Notes
Turn   | Place    | Note
-------+----------+-------------------------------------------
     0 | D:1      | ytrimaz the Formicid Fighter began the quest for the Orb.
     0 | D:1      | Reached XP level 1. HP: 18/18 MP: 1/1
     0 | D:1      | magus.rc [v1.9.6]
   124 | D:1      | Found Iheiror's Assorted Antiques.
   164 | D:1      | Reached XP level 2. HP: 24/24 MP: 2/2
   340 | D:1      | Reached skill level 5 in Shields
   411 | D:1      | Reached XP level 3. HP: 29/29 MP: 3/3
   785 | D:2      | Reached skill level 6 in Shields
   886 | D:2      | Reached XP level 4. HP: 33/35 MP: 4/4
  1356 | D:2      | You pick up a book of Armaments and begin reading...
  1356 | D:2      | You add the spells Stone Arrow, Animate Armour and
                  | Lehudib's Crystal Spear to your library.
  1419 | D:3      | Reached skill level 7 in Shields
  1419 | D:3      | Reached XP level 5. HP: 37/41 MP: 5/5
  1480 | D:3      | Found Quasoz's General Store.
  1826 | D:3      | Noticed an ogre
  1844 | D:3      | Killed an ogre
  1845 | D:3      | Reached skill level 8 in Shields
  1845 | D:3      | Reached XP level 6. HP: 25/47 MP: 6/6
  2032 | D:4      | Noticed an orc warrior
  2033 | D:4      | Noticed a black bear
  2039 | D:4      | Reached skill level 9 in Shields
  2040 | D:4      | Killed an orc warrior
  2041 | D:4      | Reached XP level 7. HP: 52/52 MP: 7/7
  2043 | D:4      | Reached skill level 10 in Shields
  2212 | D:1      | Bought an iridescent long sword for 161 gold pieces
  2212 | D:1      | Identified the +11 long sword "Lyvay" {holy, rElec Will+}
                  | (You bought it in a shop on level 1 of the Dungeon)
  2695 | D:5      | Entered Level 5 of the Dungeon
  2828 | D:5      | You fall into a shaft and drop 3 floors!
  3035 | D:6      | Reached skill level 1 in Long Blades
  3203 | D:6      | Reached skill level 2 in Long Blades
  3203 | D:6      | Reached skill level 11 in Shields
  3203 | D:6      | Reached XP level 8. HP: 58/58 MP: 8/8
  3269 | D:5      | You pick up a book of Blood and begin reading...
  3269 | D:5      | You add the spells Sublimation of Blood, Wereblood and
                  | Summon Hydra to your library.
  3471 | D:5      | Found a staircase to the Ecumenical Temple.
  3479 | Temple   | Entered the Ecumenical Temple
  3772 | Temple   | Became a worshipper of Warmaster Okawaru
  3934 | D:5      | Found a runed translucent door.
  3935 | D:5      | Noticed Crazy Yiuf
  3966 | D:5      | Found Syhiref's Assorted Antiques.
  4212 | D:6      | Reached skill level 3 in Long Blades
  4255 | D:6      | Reached skill level 12 in Shields
  4504 | D:6      | Found a radiant altar of Vehumet.
  4572 | D:7      | Noticed Maggie
  4587 | D:7      | Killed Maggie
  4587 | D:7      | Reached * piety under Okawaru
  4588 | D:7      | Reached skill level 4 in Long Blades
  4588 | D:7      | Reached XP level 9. HP: 26/64 MP: 9/9
  4698 | D:7      | Noticed Joseph
  4710 | D:7      | Killed Joseph
  4711 | D:7      | Reached skill level 5 in Long Blades
  4711 | D:7      | Reached skill level 13 in Shields
  4777 | D:7      | You pick up a book of Dreams and begin reading...
  4777 | D:7      | You add the spells Ensorcelled Hibernation, Spider Form and
                  | Anguish to your library.
  4844 | D:7      | Reached ** piety under Okawaru
  4918 | D:7      | Reached skill level 6 in Long Blades
  4995 | D:7      | Identified a scroll of acquirement
  4995 | D:7      | Acquired a +7 spectral giant spiked club
  5053 | D:7      | Reached skill level 1 in Maces & Flails
  5086 | D:7      | Found a sparkling altar of Nemelex Xobeh.
  5322 | D:8      | Reached skill level 4 in Fighting
  5322 | D:8      | Reached skill level 2 in Maces & Flails
  5528 | D:8      | Noticed Psyche
  5532 | D:8      | Killed Psyche
  5533 | D:8      | Reached skill level 5 in Fighting
  5533 | D:8      | Reached skill level 3 in Maces & Flails
  5533 | D:8      | Reached XP level 10. HP: 69/74 MP: 10/10
  5539 | D:8      | Reached *** piety under Okawaru
  5545 | D:8      | Reached skill level 4 in Maces & Flails
  5597 | D:8      | You pick up a book of Blasting and begin reading...
  5597 | D:8      | You add the spells Fulminant Prism, Iskenderun's Mystic
                  | Blast and Lee's Rapid Deconstruction to your library.
  5629 | D:8      | Reached skill level 6 in Fighting
  5632 | D:8      | Reached skill level 5 in Maces & Flails
  5637 | D:8      | Reached skill level 7 in Fighting
  6001 | D:9      | You pick up a book of Unlife and begin reading...
  6035 | D:9      | Reached skill level 6 in Maces & Flails
  6069 | D:9      | Reached **** piety under Okawaru
  6074 | D:9      | Reached skill level 8 in Fighting
  6209 | D:9      | Reached skill level 7 in Maces & Flails
  6268 | D:9      | Found a white marble altar of Elyvilon.
  6307 | D:9      | Reached XP level 11. HP: 87/87 MP: 11/11
  6469 | D:9      | You pick up a book of Air and begin reading...
  6469 | D:9      | You add the spells Shock and Airstrike to your library.
  6645 | D:9      | Found a staircase to the Lair.
  6765 | D:10     | Entered Level 10 of the Dungeon
  6785 | D:10     | Reached skill level 9 in Fighting
  6803 | D:10     | Reached skill level 8 in Maces & Flails
  6808 | D:10     | HP: 20/90 [yak (11)]
  6814 | D:10     | HP: 16/90 [yak (11)]
  6819 | D:10     | Reached ***** piety under Okawaru
  6819 | D:10     | HP: 9/90 [yak (8)]
  6821 | D:10     | Reached skill level 10 in Fighting
  6823 | D:10     | HP: 4/90 [yak (2)]
  7076 | D:10     | Found a glowing silver altar of Zin.
  7077 | D:10     | Found an opulent altar of Gozag.
  7537 | D:11     | Reached skill level 9 in Maces & Flails
  7538 | D:11     | Received a gift from Okawaru
  7541 | D:11     | Noticed a soul eater
  7546 | D:10     | HP: 22/92 [yak (4)]
  7686 | D:11     | Noticed Maurice
  7693 | D:11     | Killed Maurice
  7714 | D:11     | Reached skill level 11 in Fighting
  7792 | D:11     | magus.rc [v1.9.6]
  7792 | D:11     | magus.rc [v1.9.6]
  7792 | D:11     | magus.rc [v1.9.6]
  7866 | D:11     | Reached XP level 12. HP: 99/100 MP: 12/12
  7977 | D:11     | Noticed Nergalle
  7982 | D:11     | Killed Nergalle
  7983 | D:11     | Reached skill level 10 in Maces & Flails
  7985 | D:11     | Found a staircase to the Orcish Mines.
  8068 | D:11     | Noticed a seven-headed hydra
  8073 | D:11     | Killed a seven-headed hydra
  8195 | D:11     | Noticed a four-headed hydra
  8202 | D:11     | Killed a four-headed hydra
  8564 | D:12     | Reached skill level 12 in Fighting
  8593 | D:12     | Noticed an alligator
  8603 | D:12     | Killed an alligator
  8612 | D:12     | Noticed an alligator
  8614 | D:12     | Killed an alligator
  8615 | D:12     | Reached skill level 11 in Maces & Flails
  8629 | D:12     | Reached ****** piety under Okawaru
  8677 | D:12     | Noticed an eight-headed hydra
  8682 | D:12     | HP: 15/103 [eight-headed hydra (13)]
  8683 | D:12     | HP: 7/103 [eight-headed hydra (7)]
  8683 | D:12     | Slain by an eight-headed hydra

Vanquished Creatures
  2 hydras (D:11)
  2 alligators (D:12)
  Nergalle (D:11)
  An ugly thing (D:12)
  Joseph (D:7)
  Maurice (D:11)
  2 gargoyles
  Maggie (D:7)
  Psyche (D:8)
  2 kobold demonologists (D:11)
  An unseen horror (D:11)
  A komodo dragon (D:9)
  2 hornets (D:9)
  A shadow (D:11)
  3 basilisks (D:12)
  26 yaks
  5 vampire mosquitoes (D:10)
  A steam dragon (D:8)
  A water moccasin (D:8)
  A sky beast (D:6)
  2 ice beasts
  A black bear (D:4)
  6 orc warriors
  3 ogres
  4 centaurs
  6 kobold brigands
  A bullfrog (D:7)
  A gnoll sergeant (D:11)
  2 necrophages
  3 wights (D:9)
  An electric eel (D:11)
  4 howler monkeys
  A jelly (D:6)
  4 orc priests
  3 iguanas
  3 orc wizards
  11 gnolls
  9 adders
  3 shadow imps
  2 white imps
  An ufetubus (D:7)
  2 worms (D:3)
  3 dart slugs
  44 orcs
  8 ball pythons
  11 bats
  5 endoplasms
  3 giant cockroaches
  16 goblins
  6 hobgoblins
  6 jackals
  7 quokkas
  13 frilled lizards
  25 kobolds
  5 rats
281 creatures vanquished.

Vanquished Creatures (others)
  3 plants (D:9)
3 creatures vanquished.

Grand Total: 284 creatures vanquished

Table legend:
 A = Non-vault XP
 B = Vault XP
 C = Vault XP percentage of total XP
 D = Non-vault monster count
 E = Vault monster count
 F = Vault count percentage of total count
                 A         B        C        D         E       F
            +---------+---------+-------+---------+---------+-------
      Total |   15904 |    5320 |  25.1 |     252 |      29 |  10.3
            +---------+---------+-------+---------+---------+-------
        D:1 |      46 |       0 |   0.0 |      26 |       0 |   0.0
        D:2 |      52 |       0 |   0.0 |      25 |       0 |   0.0
        D:3 |     123 |     135 |  52.3 |      28 |       9 |  24.3
        D:4 |     352 |       0 |   0.0 |      15 |       0 |   0.0
        D:5 |      39 |       0 |   0.0 |       6 |       0 |   0.0
        D:6 |     857 |       0 |   0.0 |      25 |       0 |   0.0
        D:7 |     524 |     966 |  64.8 |      15 |       4 |  21.1
        D:8 |    2270 |     371 |  14.0 |      34 |       1 |   2.9
        D:9 |    2296 |     355 |  13.4 |      18 |       1 |   5.3
       D:10 |    3956 |       0 |   0.0 |      30 |       0 |   0.0
       D:11 |    4827 |    1214 |  20.1 |      29 |       2 |   6.5
       D:12 |     562 |    2279 |  80.2 |       1 |      12 |  92.3
            +---------+---------+-------+---------+---------+-------

Illustrated notes

Table legend:
 A = Kills in this place as a percentage of kills in entire the game.
 B = Kills by you in this place as a percentage of kills by you in the entire game.
 C = Kills by friends in this place as a percentage of kills by friends in the entire game.
 D = Other kills in this place as a percentage of other kills in the entire game.
 E = Experience gained in this place as a percentage of experience gained in the entire game.
 F = Experience gained in this place divided by the number of levels of this place that you have seen.
                   A       B       C       D       E      F
               +-------+-------+-------+-------+-------+----------------------
         Total | 100.0 | 100.0 |   N/A |   N/A | 100.0 | 1632.6
       Dungeon | 100.0 | 100.0 |   N/A |   N/A | 100.0 | 1768.7
               +-------+-------+-------+-------+-------+----------------------

Table legend: (Time is in decaauts)
 A = Elapsed time spent in this place.
 B = Non-inter-level travel time spent in this place.
 C = Inter-level travel time spent in this place.
 D = Time resting spent in this place.
 E = Time spent auto-exploring this place.
 F = Levels seen in this place.
 G = Mean time per level.
                   A        B        C        D        E       F      G
               +--------+--------+--------+--------+--------+-----+--------+
         Total |   8908 |   8382 |    526 |    168 |   6312 |  13 |  685.2 |
       Dungeon |   8542 |   8163 |    379 |    168 |   6106 |  12 |  711.8 |
        Temple |    366 |    219 |    147 |      0 |    206 |   1 |  366.0 |
               +--------+--------+--------+--------+--------+-----+--------+

Top non-repeatable levels by time:
    D:10: 933 daAuts
    D:11: 898 daAuts
     D:9: 814 daAuts
     D:7: 810 daAuts
     D:1: 792 daAuts
     D:2: 775 daAuts
     D:6: 760 daAuts
     D:8: 736 daAuts
     D:3: 676 daAuts
     D:5: 667 daAuts
     D:4: 542 daAuts
  Temple: 366 daAuts
    D:12: 133 daAuts
